 Dungeon Crawl Stone Soup version 0.27.0-1-g7a089689b8 (webtiles) character file.

Game seed: 6333074282372582019

149 ZombieSheep the Grasshopper (level 5, 0/37 HPs)
             Began as a Gnoll Wanderer on Aug 6, 2021.
             Was a Follower of Vehumet.
             Slain by an adder (1 damage)
             ... on level 2 of the Dungeon.
             The game lasted 00:05:39 (2602 turns).

ZombieSheep the Grasshopper (Gnoll Wanderer)        Turns: 2602, Time: 00:05:39

Health: 0/37       AC:  5    Str: 12    XL:     5   Next: 31%
Magic:  9/9        EV: 11    Int: 14    God:    Vehumet [*.....]
Gold:   72         SH:  0    Dex:  9    Spells: 10/10 levels left

rFire    . . .     SeeInvis .   a - +0 spear (venom)
rCold    . . .     Faith    .   (no shield)
rNeg     . . .     Spirit   .   e - +0 leather armour
rPois    .         Reflect  .   (no helmet)
rElec    .         Harm     .   m - +1 cloak
rCorr    .         Rampage  .   (no gloves)
Will     .....                  (no boots)
Stlth    +++.......             (no amulet)
HPRegen  0.12/turn              (no ring)
MPRegen  0.11/turn              (no ring)

@: lethally poisoned (0 -> -3)
A: fangs 1, strong nose, distributed training
a: Renounce Religion


You were on level 2 of the Dungeon.
You worshipped Vehumet.
Vehumet was aware of your devotion.
You visited 1 branch of the dungeon, and saw 3 of its levels.

You collected 72 gold pieces.

Inventory:

Hand Weapons
 a - a +0 spear of venom (weapon)
 b - a +3 dagger
 f - a +0 hand axe
 g - a +1 vampiric dagger
Armour
 c - a +0 robe
 e - a +0 leather armour (worn)
 i - a +0 scale mail
 m - a +1 cloak (worn)
Scrolls
 l - a scroll of enchant weapon
Potions
 d - a potion of attraction {unknown}
 h - a potion of flight {unknown}
 j - a potion of haste


   Skills:
 + Level 1.4 Fighting
 + Level 1.4 Short Blades
 + Level 1.4 Long Blades
 + Level 1.4 Axes
 + Level 1.4 Maces & Flails
 + Level 1.4 Polearms
 + Level 1.4 Staves
 + Level 1.4 Slings
 + Level 1.4 Bows
 + Level 1.4 Crossbows
 + Level 1.4 Throwing
 + Level 1.4 Armour
 + Level 1.4 Dodging
 + Level 6.1 Stealth
 + Level 2.9 Shields
 + Level 2.9 Unarmed Combat
 + Level 3.1 Spellcasting
 + Level 1.1 Conjurations
 + Level 1.1 Hexes
 + Level 1.1 Summonings
 + Level 1.1 Necromancy
 + Level 7.2 Translocations
 + Level 1.1 Transmutations
 + Level 1.1 Fire Magic
 + Level 1.1 Ice Magic
 + Level 1.1 Air Magic
 + Level 1.1 Earth Magic
 + Level 1.1 Poison Magic
 + Level 1.6 Invocations
 + Level 1.4 Evocations


You had 10 spell levels left.
You didn't know any spells.
Your spell library contained the following spells:

 Spells                   Type           Power      Damage    Failure   Level
 Magic Dart               Conj           20%        1d4       17%         1
 Apportation              Tloc           44%        N/A       1%          1
 Lesser Beckoning         Tloc           11%        N/A       4%          3
 Pain                     Necr           20%        1d5       17%         1
 Shock                    Conj/Air       20%        1d4       17%         1
 Swiftness                Air            5%         N/A       45%         3
 Olgreb's Toxic Radiance  Pois           5%         N/A       86%         4
 Agony                    Necr           5%         N/A       99%         5
 Excruciating Wounds      Necr           2%         N/A       99%         5
 Ozocubu's Refrigeration  Ice            2%         4d5       100%        7
 Ignition                 Fire           2%         3d3       100%        8


Dungeon Overview and Level Annotations

Branches:
Dungeon (3/15)

Altars:
Vehumet

Shops:
D:1 *


Innate Abilities, Weirdness & Mutations

You have very sharp teeth.
Your uncanny sense of smell can sniff out nearby items.
Your experience applies equally to all skills.


Message History

You barely miss the gnoll.
The gnoll is moderately wounded.
The gnoll hits you but does no damage.
You hit the gnoll.
The gnoll is poisoned.
The gnoll is heavily wounded.
The gnoll hits you but does no damage.
You closely miss the gnoll.
The gnoll is heavily wounded.
The gnoll closely misses you.
You hit the gnoll.
The gnoll is severely wounded.
The gnoll hits you but does no damage.
You hit the gnoll.
The gnoll is severely wounded.
The gnoll hits you with a +0 club.
* * * LOW HITPOINT WARNING * * *
You hit the gnoll but do no damage.
The gnoll looks as sick as possible!
The gnoll is almost dead.
The gnoll hits you with a +0 club.
* * * LOW HITPOINT WARNING * * *
You hit the gnoll.
You kill the gnoll!
Vehumet accepts your kill.
You miss the adder. The adder barely misses you. The adder closely misses you.
You miss the adder. The adder bites you.
* * * LOW HITPOINT WARNING * * *
You hit the adder.
The adder is lightly wounded.
The adder misses you.
You closely miss the adder.
The adder is lightly wounded.
The adder closely misses you. The adder bites you.
* * * LOW HITPOINT WARNING * * *
You are lethally poisoned!
The adder poisons you!
You hit the adder.
The adder is poisoned.
The adder is severely wounded.
* * * LOW HITPOINT WARNING * * *
You feel sick. The adder bites you.
You die...

#................##.....
#.............#.#.......
#######.#...#.#.#.##....
#.###.#.#.#.##....
#.#...#.#.#.######
#>...<..........))
#.#.#####.########
#S#.......##...#
#@##########...#
#..........'..)###
############....#.
#)..... #...... ####.#.
####


You could see an adder (very poisoned).

Vanquished Creatures
  Crazy Yiuf (D:2)
  An orc wizard (D:3)
  4 gnolls (D:2)
  An adder (D:2)
  3 orcs (D:3)
  A bat (D:2)
  6 endoplasms
  4 giant cockroaches (D:1)
  4 goblins
  2 hobgoblins (D:1)
  2 jackals (D:2)
  2 kobolds (D:2)
  3 quokkas
  5 ball pythons
  2 frilled lizards
  2 rats (D:1)
43 creatures vanquished.

Notes
Turn   | Place    | Note
-------+----------+-------------------------------------------
     0 | D:1      | ZombieSheep the Gnoll Wanderer began the quest for the Orb.
     0 | D:1      | ZombieSheep set off with the following items: a +2 dagger,
                  | a potion of heal wounds, a +0 robe; and the following
                  | spells available to memorise: Apportation, Lesser
                  | Beckoning, Shock, Swiftness
     0 | D:1      | Reached XP level 1. HP: 13/13 MP: 4/4
   324 | D:1      | Found Rosicw's Assorted Antiques.
   332 | D:1      | Reached XP level 2. HP: 19/19 MP: 5/5
   947 | D:2      | Reached XP level 3. HP: 25/25 MP: 7/7
  1094 | D:2      | Reached skill level 1 in Invocations
  1539 | D:2      | Found a runed translucent door.
  1540 | D:2      | Noticed Crazy Yiuf
  1647 | D:2      | Reached skill level 1 in Fighting
  1647 | D:2      | Reached skill level 1 in Short Blades
  1647 | D:2      | Reached skill level 1 in Long Blades
  1647 | D:2      | Reached skill level 1 in Axes
  1647 | D:2      | Reached skill level 1 in Maces & Flails
  1647 | D:2      | Reached skill level 1 in Polearms
  1647 | D:2      | Reached skill level 1 in Staves
  1647 | D:2      | Reached skill level 1 in Slings
  1647 | D:2      | Reached skill level 1 in Bows
  1647 | D:2      | Reached skill level 1 in Crossbows
  1647 | D:2      | Reached skill level 1 in Throwing
  1647 | D:2      | Reached skill level 1 in Armour
  1647 | D:2      | Reached skill level 1 in Dodging
  1647 | D:2      | Reached skill level 1 in Evocations
  1647 | D:2      | Reached XP level 4. HP: 29/32 MP: 8/8
  2015 | D:2      | Found a faded altar of an unknown god.
  2027 | D:2      | Became a worshipper of Vehumet
  2027 | D:2      | Reached * piety under Vehumet
  2027 | D:2      | Offered knowledge of Magic Dart by Vehumet.
  2250 | D:2      | Killed Crazy Yiuf
  2251 | D:2      | Reached skill level 1 in Conjurations
  2251 | D:2      | Reached skill level 1 in Hexes
  2251 | D:2      | Reached skill level 1 in Summonings
  2251 | D:2      | Reached skill level 1 in Necromancy
  2251 | D:2      | Reached skill level 1 in Transmutations
  2251 | D:2      | Reached skill level 1 in Fire Magic
  2251 | D:2      | Reached skill level 1 in Ice Magic
  2251 | D:2      | Reached skill level 1 in Air Magic
  2251 | D:2      | Reached skill level 1 in Earth Magic
  2251 | D:2      | Reached skill level 1 in Poison Magic
  2556 | D:3      | Reached XP level 5. HP: 25/37 MP: 9/9
  2602 | D:2      | HP: 1/37 [poisoned by an adder]
  2602 | D:2      | Slain by an adder

Illustrated notes

Levels and vault maps discovered:
D:1:      dpeg_arrival_lava_altar, layout_rooms, serial_shops, shop,
          amethyst_killhole
D:2:      layout_basic, ebering_ecumenical_altar_abandoned,
          uniq_crazy_yiuf_cottage
D:3:      layout_basic, uniq_ijyb

Skill      XL: |  1  2  3  4 |
---------------+-------------+-----
Stealth        | 6 |  6.1
Invocations    | 1 |  1.6
Fighting       | 1 |  1.4
Short Blades   | 1 |  1.4
Long Blades    | 1 |  1.4
Axes           | 1 |  1.4
Maces & Flails | 1 |  1.4
Polearms       | 1 |  1.4
Staves         | 1 |  1.4
Slings         | 1 |  1.4
Bows           | 1 |  1.4
Crossbows      | 1 |  1.4
Throwing       | 1 |  1.4
Armour         | 1 |  1.4
Dodging        | 1 |  1.4
Evocations     | 1 |  1.4
Spellcasting   | 3 |  3.1
Conjurations   | 1 |  1.1
Hexes          | 1 |  1.1
Summonings     | 1 |  1.1
Necromancy     | 1 |  1.1
Transmutations | 1 |  1.1
Fire Magic     | 1 |  1.1
Ice Magic      | 1 |  1.1
Air Magic      | 1 |  1.1
Earth Magic    | 1 |  1.1
Poison Magic   | 1 |  1.1
Shields        | |  2.9
Unarmed Combat | |  2.9
Translocations | |  7.2

Action                   |  1- 3 |  4- 6 || total
-------------------------+-------+-------++-------
Melee: Dagger            |   112 |     9 ||   121
       Bite              |     6 |     2 ||     8
       Spear             |       |    43 ||    43
  Use: Scroll            |     4 |     1 ||     5
       Potion            |     2 |     2 ||     4
 Stab: Sleeping          |     5 |     1 ||     6
Armor: Leather armour    |    20 |    13 ||    33
       Robe              |     1 |       ||     1
Dodge: Dodged            |    74 |    19 ||    93
